 Dungeon Crawl Stone Soup version 0.29-a0-1065-g47a6bb87d6 (webtiles) character file.

Game seed: 1933314539029830065

42 nickcage the Chopper (level 3, -1/30 HPs)
             Began as a Minotaur Gladiator on Aug 18, 2022.
             Slain by a gnoll
             ... wielding a +0 spear
              (8 damage)
             ... on level 2 of the Dungeon.
             The game lasted 00:02:12 (755 turns).

nickcage the Chopper (Minotaur Gladiator)            Turns: 755, Time: 00:02:12

Health: -1/30      AC:  4    Str: 20    XL:     3   Next: 35%
Magic:  2/2        EV: 12    Int:  5    God:
Gold:   49         SH:  0    Dex: 11    Spells: 2/2 levels left

rFire   . . .      SeeInvis .   a - +0 war axe
rCold   + . .      Faith    .   (no shield)
rNeg    . . .      Spirit   .   g - +1 leather armour {rC+}
rPois   .          Reflect  .   c - +0 hat
rElec   .          Harm     .   (no cloak)
rCorr   .          Rampage  .   (no gloves)
Will    .....                   (no boots)
Stlth   +.........              (no amulet)
HPRegen 0.10/turn               (no ring)
MPRegen 0.08/turn               (no ring)

@: no status effects
A: horns 2, retaliatory headbutt
a: no special abilities


You were on level 2 of the Dungeon.
You visited 1 branch of the dungeon, and saw 2 of its levels.

You collected 49 gold pieces.

Inventory:

Hand Weapons
 a - a +0 war axe (weapon)
 j - a +0 vorpal hand axe
Missiles
 d - 3 throwing nets
 e - a javelin
 m - 2 boomerangs (quivered)
Armour
 b - a +0 leather armour
 c - a +0 hat (worn)
 g - a +1 leather armour of cold resistance (worn)
Jewellery
 h - a +4 ring of evasion
Scrolls
 i - a scroll of fog {unknown}
 n - a scroll of amnesia {unknown}
 o - a scroll of teleportation {unknown}
Potions
 f - a potion of lignification {unknown}
 k - a potion of degeneration {unknown}
 l - a potion of flight {unknown}


   Skills:
 - Level 2.4 Fighting
 + Level 5.4 Axes
 - Level 2.0 Throwing
 - Level 3.2 Dodging


You had 2 spell levels left.
You didn't know any spells.
Your spell library was empty.

Dungeon Overview and Level Annotations

Branches:
Dungeon (2/15)

Altars:


Innate Abilities, Weirdness & Mutations

You have a pair of horns on your head.
You reflexively headbutt those who attack you in melee.


Message History

No target in view!
HP restored.
A gnoll comes into view. It is wielding a +0 club.
The gnoll shouts!
A gnoll comes into view. It is wielding a +0 spear.
You throw a boomerang. The gnoll shouts!
The boomerang hits the gnoll.
The gnoll is heavily wounded.
You hear a shout!
You throw a boomerang. The boomerang hits the gnoll.
The gnoll is heavily wounded.
A goblin comes into view. It is wielding a +0 dagger.
A gnoll comes into view. It is wielding a +0 spear.
You closely miss the gnoll.
The gnoll is heavily wounded.
The gnoll hits you with a +0 club.
You slash the gnoll!
You kill the gnoll!
The gnoll barely misses you.
Your Axes skill increases to level 5!
You have reached level 3!
Your experience leads to an increase in your attributes!
Increase (S)trength, (I)ntelligence, or (D)exterity?
You feel stronger. x2
The gnoll hits you with a +0 spear!
You slash the gnoll!
You kill the gnoll!
You hit the goblin. The gnoll closely misses you.
The goblin hits you with a +0 dagger.
You slash the goblin!
You kill the goblin!
The gnoll hits you from afar with a +0 spear.
The gnoll barely misses you. The gnoll hits you with a +0 spear.
* * * LOW HITPOINT WARNING * * *
Things that are here:
a +0 dagger; a +0 club; a gnoll corpse You hit the gnoll but do no damage.
The gnoll hits you with a +0 spear!
You die...

....... .# ####..# #.#
...<.†# #.# #####.##
#.#### #...# ### #....
#...# ##.## #..#
#...###.#.###..#####
####...##.###...).....#
...........#.###@..#..#
............###..g.#
...........###........
####...##### ##..####.#
#..†# #..# # #...# #...
#...# #.## ##.## #. ...


You could see a gnoll.

Vanquished Creatures
  2 gnolls (D:2)
  A ball python (D:1)
  2 giant cockroaches
  4 goblins
  A hobgoblin (D:1)
  4 jackals
  2 quokkas
  A frilled lizard (D:2)
  2 kobolds (D:1)
  A rat (D:1)
20 creatures vanquished.

Notes
Turn   | Place    | Note
-------+----------+-------------------------------------------
     0 | D:1      | nickcage the Minotaur Gladiator began the quest for the
                  | Orb.
     0 | D:1      | Reached XP level 1. HP: 18/18 MP: 0/0
   266 | D:1      | Reached skill level 4 in Axes
   357 | D:1      | Reached XP level 2. HP: 24/25 MP: 1/1
   404 | D:1      | Found a faded altar of an unknown god.
   750 | D:2      | Reached skill level 5 in Axes
   750 | D:2      | Reached XP level 3. HP: 24/30 MP: 2/2
   755 | D:2      | Slain by a gnoll

Illustrated notes

Levels and vault maps discovered:
D:1:      dpeg_arrival_simpleton_b, layout_rooms,
          shapermc_ecumenical_altar_mp_urbaneastern
D:2:      layout_loops_cross

Skill      XL: |  1  2 |
---------------+-------+-----
Axes           | 4 5 |  5.4
Fighting       | |  2.4
Throwing       | |  2.0
Dodging        | |  3.2

Action                   || total
-------------------------++-------
Melee: War axe           ||    40
       Headbutt          ||     4
Throw: Boomerang         ||     2
Armor: Leather armour    ||    10
Dodge: Dodged            ||    36

Table legend: (Time is in decaauts)
 A = Elapsed time spent in this place.
 B = Non-inter-level travel time spent in this place.
 C = Inter-level travel time spent in this place.
 D = Time resting spent in this place.
 E = Time spent auto-exploring this place.
 F = Levels seen in this place.
 G = Mean time per level.
                   A        B        C        D        E       F      G
               +--------+--------+--------+--------+--------+-----+--------+
         Total |    766 |    732 |     34 |      0 |    603 |   2 |  383.0 |
       Dungeon |    766 |    732 |     34 |      0 |    603 |   2 |  383.0 |
               +--------+--------+--------+--------+--------+-----+--------+

Top non-repeatable levels by time:
     D:1: 683 daAuts
     D:2: 82 daAuts
